 Dungeon Crawl Stone Soup version 0.18.1-50-g88ac8fd (webtiles) character file.

47 RudyRod the Skirmisher (level 3, -11/34 HPs)
             Began as a Naga Fighter on Oct 12, 2016.
             Killed from afar by Ijyb (28 damage)
             ... with a wand of lightning
             ... on level 2 of the Dungeon.
             The game lasted 00:04:06 (1610 turns).

RudyRod the Skirmisher (Naga Fighter)               Turns: 1610, Time: 00:04:07

Health: -11/34     AC:  5    Str: 19    XL:     3   Next: 70%
Magic:  3/3        EV:  5    Int:  8    God:
Gold:   47         SH:  8    Dex: 10    Spells: 0 memorised, 2 levels left

rFire  . . .     SeeInvis +     a - +0 trident
rCold  . . .     Gourm    .     b - +0 scale mail
rNeg   . . .     Faith    .     c - +0 shield
rPois  +         Spirit   .     g - +0 helmet (curse)
rElec  .         Dismiss  .     (no cloak)
rCorr  .         Reflect  .     (no gloves)
SustAt .         Harm     .     (no barding)
MR     .....                    (no amulet)
Stlth  ..........               (no ring)
                                (no ring)

@: very slow, not resistant to hostile enchantments, extremely unstealthy
A: see invisible, deformed body, poison resistance, slowness 2, slow metabolism
1, spit poison 2, AC +1
a: Spit Poison


You were on level 2 of the Dungeon.
You were not hungry.

You visited 1 branch of the dungeon, and saw 2 of its levels.

You collected 47 gold pieces.

Inventory:

Hand Weapons
 a - a +0 trident (weapon)
Armour
 b - a +0 scale mail (worn)
 c - a +0 shield (worn)
 g - a cursed +0 helmet (worn)
Scrolls
 e - 2 scrolls of teleportation {unknown}
 h - 5 scrolls of identify {unknown}
 j - a scroll of blinking {unknown}
Potions
 i - a potion of agility {unknown}
Comestibles
 d - 4 chunks of flesh
 f - 2 bread rations


   Skills:
 + Level 3.3 Fighting
 + Level 2.0 Polearms
 + Level 2.6 Armour
 * Level 1.1 Dodging
 * Level 1.9 Stealth
 + Level 2.7 Shields


You had 2 spell levels left.
You didn't know any spells.

Dungeon Overview and Level Annotations

Branches:
Dungeon (2/15)

Altars:

Annotations:
D:2 Ijyb


Innate Abilities, Weirdness & Mutations

You cannot wear boots.
Your serpentine skin is tough (AC +1).
You have supernaturally acute eyesight.
Armour fits poorly on your strangely shaped body.
Your system is resistant to poisons.
You cover ground very slowly.
You have a slow metabolism.
You can spit poison.


Message History

You start resting.
Eating one of 5 chunks of flesh.
This raw flesh tastes terrible.
You continue eating. x2
HP restored.
h - 5 scrolls labeled IFUITHR XIRR (gained 1)
Items here: ( )) † an uncursed dagger; an uncursed hunting sling of flaming; 15 stones a goblin corpse
e - 2 scrolls labeled MYOMUIF UMU (gained 1) Ijyb the Twisted Goblin comes into view.
He is wielding a club.
Ijyb shouts!
Ijyb zaps a wand.
The bolt of lightning misses you.
It is a wand of lightning.
Ijyb moves out of view.
A goblin comes into view. It is wielding a club.
Ijyb zaps a wand.
The bolt of lightning hits you!
Ouch! That really hurt!
There is a stone staircase leading down here.
Ijyb zaps a wand.
The bolt of lightning hits you!
Ouch! That really hurt!
You die...

#### ...#
##.###########
#####.....##.....##
.................#
#................#
#......)÷........#
#.......<........#
#.......@........#
#...g..>.........#
#....g...........#
##..........(...##
........(##...(.##
..#######.# ######
. #.##### #..†<.#
#...).#


You could see Ijyb and a goblin.

Vanquished Creatures
  Robin (D:1)
  A ball python (D:1)
  2 giant cockroaches
  9 goblins
  6 hobgoblins
  6 kobolds
  2 bats (D:1)
  3 giant newts
  5 rats
35 creatures vanquished.

Notes
Turn   | Place    | Note
--------------------------------------------------------------
     0 | D:1      | RudyRod the Naga Fighter began the quest for the Orb.
     0 | D:1      | Reached XP level 1. HP: 21/21 MP: 1/1
   539 | D:1      | Reached XP level 2. HP: 28/28 MP: 2/2
   654 | D:1      | Reached skill level 1 in Stealth
   907 | D:2      | Noticed Robin
   919 | D:1      | Reached XP level 3. HP: 16/34 MP: 3/3
  1112 | D:1      | Killed Robin
  1112 | D:1      | Reached skill level 1 in Dodging
  1604 | D:2      | Noticed Ijyb
  1610 | D:2      | Killed from afar by Ijyb

Skill      XL: |  1  2  3 |
---------------+----------+-----
Stealth        | 1 |  1.9
Dodging        | 1 |  1.1
Fighting       | |  3.3
Polearms       | |  2.0
Armour         | |  2.6
Shields        | |  2.7

Action                   || total
-------------------------++-------
Melee: Trident           ||   103
 Abil: Spit Poison       ||     8
  Use: Potion            ||     1
  Eat: Chunk             ||     2
Armor: Scale mail        ||    63
Dodge: Dodged            ||    31
Block: Shield            ||    88
